 Dungeon Sprint DCSS version 0.22-a0-32-ga749362 (webtiles) character file.

2715 Kidiri the Thaumaturge (level 9, -1/52 HPs)
             Began as a Deep Elf Fire Elementalist on Jan 3, 2018.
             Was a Priest of Vehumet.
             Slain by an unseen horror (4 damage)
             ... in the Dungeon (Sprint III: "The Ten Rune Challenge").
             The game lasted 00:08:29 (1636 turns).

Kidiri the Thaumaturge (Deep Elf Fire Elementalist) Turns: 1636, Time: 00:08:30

Health: -1/52      AC:  4    Str:  5    XL:     9   Next: 39%
Magic:  5/29       EV: 17    Int: 24    God:    Vehumet [***...]
Gold:   37         SH:  0    Dex: 15    Spells: 13/36 levels left

rFire    . . .     SeeInvis .   w - +1 dagger (venom)
rCold    . . .     Gourm    .   (no shield)
rNeg     . . .     Faith    .   a - +0 robe
rPois    .         Spirit   .   (no helmet)
rElec    .         Reflect  .   (no cloak)
rCorr    .         Harm     .   (no gloves)
MR       .....     NoTele   +   (no boots)
Stlth    ++........             (no amulet)
HPRegen  0.17/turn              (no ring)
MPRegen  0.21/turn              (no ring)

@: hasted, very quick
A: yellow scales 1, mutation resistance 1
a: Renounce Religion


You were in the Dungeon.
You worshipped Vehumet.
Vehumet was most pleased with you.
You were not hungry.

You visited 1 branch You collected 37 gold pieces.

Inventory:

Hand Weapons
 b - a +0 long sword of holy wrath
 w - a +1 dagger of venom (weapon)
Armour
 a - a +0 robe (worn)
Scrolls
 d - a scroll of immolation {unknown}
 l - a scroll of identify {unknown}
 m - 2 scrolls of remove curse
 o - a scroll of holy word {unknown}
 p - a scroll of enchant weapon {unknown}
Potions
 g - 2 potions of magic
 h - a potion of berserk rage
 k - 2 potions of degeneration {unknown}
 n - 2 potions of flight {unknown}
 q - 2 potions of mutation
Books
 s - a book of Minor Magic

   Spells                             Type                      Level
   a - Magic Dart                     Conjuration                  1
   b - Blink                          Translocation                2
   c - Call Imp                       Summoning                    2
   d - Slow                           Hexes                        2
   e - Conjure Flame                  Conjuration/Fire             3
   f - Mephitic Cloud                 Conjuration/Poison/Air       3
Comestibles
 c - 3 rations
 i - 7 chunks of flesh


   Skills:
 + Level 4.7 Fighting
 + Level 5.7 Short Blades
 + Level 4.7 Armour
 + Level 7.5 Dodging
 - Level 2.4 Stealth
 * Level 14.3 Spellcasting
 + Level 8.9 Conjurations
 + Level 9.5 Fire Magic
 + Level 4.0 Ice Magic
 + Level 5.7 Air Magic
 + Level 6.4 Poison Magic


You had 13 spell levels left.
You knew the following spells:

 Your Spells              Type           Power        Failure   Level  Hunger
a - Flame Tongue          Conj/Fire      #####        1%          1    None
b - Throw Flame           Conj/Fire      ######       1%          2    None
c - Conjure Flame         Conj/Fire      ######..     1%          3    None
d - Inner Flame           Hex/Fire       #####...     1%          3    None
e - Sticky Flame          Conj/Fire      ######..     1%          4    None
f - Fireball              Conj/Fire      ######....   1%          5    ##.....
g - Throw Frost           Conj/Ice       #####.       1%          2    None
h - Mephitic Cloud        Conj/Pois/Air  ######..     1%          3    None


Dungeon Overview and Level Annotations

Branches:
Dungeon (1/1)

Altars:
Cheibriados
Dithmenos
Elyvilon
Fedhas
Gozag
Hepliaklqana
Kikubaaqudgha
Makhleb
Nemelex Xobeh
Okawaru
Qazlal
Ru
Sif Muna
Trog
Uskayaw
Vehumet
Wu Jian
Xom
Yredelemnul
Zin
The Shining One
Beogh
Jiyva
Lugonu

Annotations:
D exclusion: door


Innate Abilities, Weirdness & Mutations

You are partially covered in yellow scales. (AC +2)
You are somewhat resistant to further mutation.


Message History

The unseen horror is poisoned.
The unseen horror is lightly wounded.
The unseen horror hits you.
* * * LOW HITPOINT WARNING * * *
Unknown command.
Okay, then.
Unknown command.
The unseen horror burns!
The unseen horror closely misses you. The unseen horror barely misses you.
The unseen horror burns!
The unseen horror hits you but does no damage.
The unseen horror burns!
The unseen horror closely misses you. The unseen horror barely misses you.
The unseen horror burns!
Something hits you!
* * * LOW HITPOINT WARNING * * *
There is an open door, spattered with blood here.
Unknown command.
You feel yourself speed up. Something closely misses you. Something hits you.
You die...

#___#__# #__)#._#
#+###+## .......#
.......# ######'#
#__#...#+###############
#__#...#..≈≈§§§#.'...'.#
#__#...#.#§§≈#§#@#÷..##.#
#__#...'.#§..#.#.#.).#
#.#
#__+...#.#§§§#...#...#
#.#
▓▓▓▓▓▓▓▓▓▓▓▓▓▓▓▓▓▓▓▓▓#
#.# #.# #.# ##


There were no monsters in sight!

Vanquished Creatures
  Snorg (D)
  A centaur warrior (D)
  A deep elf mage (D)
  A shadow (D)
  A spatial vortex (D)
  A necrophage (D)
  2 centaurs (D)
  A water elemental (D)
  A scorpion (D)
  A jelly (D)
  A wizard (D)
  A necromancer (D)
  A kobold demonologist (D)
  3 humans (D)
  An ooze (D)
  3 rats (D)
21 creatures vanquished.

Vanquished Creatures (others)
  2 draconian scorchers (D)
  3 yaktaurs (D)
  6 hellions (D)
  3 plants (D)
14 creatures vanquished.

Grand Total: 35 creatures vanquished

Notes
Turn   | Place    | Note
-------+----------+-------------------------------------------
     0 | D        | Kidiri the Deep Elf Fire Elementalist began the quest for the Orb.
     0 | D        | Reached XP level 1. HP: 10/10 MP: 6/6
     6 | D        | Reached skill level 4 in Spellcasting
   102 | D        | Killed a yaktaur
   105 | D        | Killed a hellion
   106 | D        | Killed a hellion
   106 | D        | Killed a hellion
   112 | D        | Noticed a scorpion
   121 | D        | Killed a scorpion
   121 | D        | Reached skill level 7 in Spellcasting
   121 | D        | Reached skill level 5 in Fire Magic
   121 | D        | Reached XP level 2. HP: 8/15 MP: 3/12
   121 | D        | Reached XP level 3. HP: 10/19 MP: 3/13
   145 | D        | Learned a level 2 spell: Throw Flame
   146 | D        | Killed a hellion
   147 | D        | Killed a hellion
   149 | D        | Learned a level 3 spell: Conjure Flame
   153 | D        | Learned a level 3 spell: Inner Flame
   161 | D        | Killed a hellion
   165 | D        | Gained mutation: You possess an exceptional clarity of mind. [potion of mutation]
   165 | D        | Gained mutation: You have an increased reservoir of magic. (+10% MP) [potion of mutation]
   165 | D        | Gained mutation: You are clumsy. (Dex -2) [potion of mutation]
   165 | D        | Gained mutation: You have large cloven feet. [potion of mutation]
   166 | D        | Lost mutation: You have large cloven feet. [potion of mutation]
   166 | D        | Lost mutation: You possess an exceptional clarity of mind. [potion of mutation]
   166 | D        | Lost mutation: You are clumsy. (Dex -2) [potion of mutation]
   166 | D        | Gained mutation: You have sharp fingernails. [potion of mutation]
   166 | D        | Gained mutation: You have a beak for a mouth. [potion of mutation]
   167 | D        | Lost mutation: You have an increased reservoir of magic. (+10% MP) [potion of mutation]
   167 | D        | Lost mutation: You have a beak for a mouth. [potion of mutation]
   167 | D        | Lost mutation: You have sharp fingernails. [potion of mutation]
   167 | D        | Gained mutation: You are resistant to hostile enchantments. (MR+) [potion of mutation]
   167 | D        | Gained mutation: Your magical capacity is low. (-10% MP) [potion of mutation]
   167 | D        | Lost mutation: Your magical capacity is low. (-10% MP) [potion of mutation]
   167 | D        | Gained mutation: You are surrounded by a mild repulsion field. (EV +2) [potion of mutation]
   168 | D        | Lost mutation: You are resistant to hostile enchantments. (MR+) [potion of mutation]
   168 | D        | Lost mutation: You are surrounded by a mild repulsion field. (EV +2) [potion of mutation]
   168 | D        | Gained mutation: You are partially covered in yellow scales. (AC +2) [potion of mutation]
   168 | D        | Gained mutation: You are somewhat resistant to further mutation. [potion of mutation]
   220 | D        | Killed a white draconian scorcher
   221 | D        | Killed a white draconian scorcher
   320 | D        | Reached skill level 8 in Spellcasting
   320 | D        | Reached XP level 4. HP: 24/24 MP: 8/16
   326 | D        | Learned a level 4 spell: Sticky Flame
   368 | D        | Noticed a water elemental
   370 | D        | Killed a water elemental
   370 | D        | Reached skill level 9 in Spellcasting
   370 | D        | Reached skill level 5 in Conjurations
   407 | D        | Found a radiant altar of Vehumet.
   408 | D        | Found a deep blue altar of Sif Muna.
   408 | D        | Found an ancient bone altar of Kikubaaqudgha.
   408 | D        | Noticed a wizard
   409 | D        | Killed a wizard
   409 | D        | Reached skill level 10 in Spellcasting
   409 | D        | Reached XP level 5. HP: 28/28 MP: 13/19
   411 | D        | Noticed an orange demon
   455 | D        | Learned a level 5 spell: Fireball
   466 | D        | Learned a level 3 spell: Mephitic Cloud
   468 | D        | Became a worshipper of Vehumet
   503 | D        | Found a glowing silver altar of Zin.
   504 | D        | Found a glowing golden altar of the Shining One.
   504 | D        | Found a white marble altar of Elyvilon.
   504 | D        | Noticed a deep elf mage
   514 | D        | Killed a deep elf mage
   514 | D        | Reached skill level 12 in Spellcasting
   514 | D        | Reached XP level 6. HP: 36/36 MP: 6/23
   514 | D        | Reached XP level 7. HP: 40/40 MP: 6/24
   603 | D        | Killed a yaktaur
   643 | D        | Found an ornate altar of the Wu Jian Council.
   643 | D        | Found a roughly hewn altar of Beogh.
   643 | D        | Found an iron altar of Okawaru.
   643 | D        | Found a bloodstained altar of Trog.
   643 | D        | Found a hide-covered altar of Uskayaw.
   643 | D        | Noticed a human
   643 | D        | Noticed a human
   649 | D        | Killed a human
   649 | D        | Reached skill level 5 in Dodging
   650 | D        | Killed a human
   650 | D        | Reached * piety under Vehumet
   650 | D        | Offered knowledge of Shock by Vehumet.
   722 | D        | Found a basalt altar of Yredelemnul.
   722 | D        | Found a shadowy altar of Dithmenos.
   722 | D        | Found a sacrificial altar of Ru.
   906 | D        | Noticed a shadow
   909 | D        | Killed a shadow
   909 | D        | Reached ** piety under Vehumet
   909 | D        | Offered knowledge of Throw Frost by Vehumet.
   909 | D        | Reached XP level 8. HP: 46/46 MP: 17/26
   954 | D        | Learned a level 2 spell: Throw Frost
   996 | D        | Found a blossoming altar of Fedhas.
   996 | D        | Found a stormy altar of Qazlal.
   996 | D        | Found a snail-covered altar of Cheibriados.
   996 | D        | Found a burning altar of Makhleb.
   996 | D        | Found a shimmering altar of Xom.
   997 | D        | Found a hazy altar of Hepliaklqana.
   997 | D        | Found an opulent altar of Gozag.
   997 | D        | Found a sparkling altar of Nemelex Xobeh.
   997 | D        | Found a corrupted altar of Lugonu.
   997 | D        | Found a viscous altar of Jiyva.
  1019 | D        | Reached skill level 13 in Spellcasting
  1178 | D        | Noticed Snorg
  1194 | D        | Killed Snorg
  1194 | D        | Offered knowledge of Static Discharge by Vehumet.
  1194 | D        | Reached skill level 5 in Short Blades
  1194 | D        | Reached skill level 5 in Air Magic
  1194 | D        | Reached skill level 5 in Poison Magic
  1482 | D        | Noticed a centaur warrior
  1485 | D        | Reached *** piety under Vehumet
  1485 | D        | Reached XP level 9. HP: 52/52 MP: 18/28
  1497 | D        | Killed a centaur warrior
  1497 | D        | Offered knowledge of Dazzling Spray by Vehumet.
  1497 | D        | Reached skill level 14 in Spellcasting
  1506 | D        | Killed a yaktaur
  1629 | D        | Noticed an unseen horror
  1636 | D        | Slain by an unseen horror

Vault maps used:
D:        dungeon_sprint_mu

Skill      XL: |  1  2  3  4  5  6  7  8  9 |
---------------+----------------------------+-----
Spellcasting   | 7 8 10 12 13 14 | 14.3
Conjurations   | 4 5 7 8 |  8.9
Fire Magic     | 5 6 7 8 9 |  9.5
Fighting       | 2 3 4 |  4.7
Short Blades   | 3 4 5 |  5.7
Armour         | 2 3 4 |  4.7
Dodging        | 4 5 6 7 |  7.5
Air Magic      | 3 4 5 |  5.7
Poison Magic   | 3 4 5 6 |  6.4
Ice Magic      | 2 4 |  4.0
Stealth        | |  2.4

Action                   |  1- 3 |  4- 6 |  7- 9 || total
-------------------------+-------+-------+-------++-------
Melee: Dagger            |       |       |     1 ||     1
 Cast: Flame Tongue      |    13 |     7 |    45 ||    65
       Throw Flame       |     2 |       |       ||     2
       Sticky Flame      |       |     4 |    10 ||    14
       Conjure Flame     |       |     1 |     5 ||     6
       Mephitic Cloud    |       |     2 |     5 ||     7
       Inner Flame       |       |       |     4 ||     4
       Fireball          |       |       |     1 ||     1
  Use: Potion            |     5 |       |     2 ||     7
       Scroll            |       |     1 |     1 ||     2
  Eat: Ration            |       |       |     1 ||     1
Armor: Robe              |       |       |     2 ||     2
Dodge: Dodged            |     1 |     6 |    15 ||    22

Table legend:
 A = Spawn XP
 B = Non-spawn XP
 C = Spawn XP percentage of total XP
 D = Spawn monster count
 E = Non-spawn monster count
 F = Spawn count percentage of total count
 G = Total turns spent on level
                    A         B        C        D         E        F      G
               +---------+---------+-------+---------+---------+-------+---------
         Total |       0 |    3879 |   0.0 |       0 |      21 |   0.0 |  1636
               +---------+---------+-------+---------+---------+-------+---------
             D |       0 |    3879 |   0.0 |       0 |      21 |   0.0 |  1636
               +---------+---------+-------+---------+---------+-------+---------
